[Event "*** Titled Tuesday Blitz"]
[Site "Chess.com"]
[Date "2018.10.02"]
[Round "3"]
[White "ShimanovAlex"]
[Black "ViktorMatviishen"]
[Result "1-0"]
[WhiteElo "2733"]
[BlackElo "2472"]
[TimeControl "180+2"]
[EndTime "13:35:28 PDT"]
[Termination "ShimanovAlex won by resignation"]

1. e4 e5 2. Nf3 Nc6 3. Bc4 Bc5 4.
c3 Nf6 5. d3 d6 6. Bb3 a6 7. h3 O-O 8. O-O Ba7 9. Re1 Nh5 10. Bg5 Qe8 11. Nh4 Nf4 12. Bxf4 exf4 13. d4 Na5 14. Bc2 Qd8 15. Qh5 g6 16. Qxa5 Qxh4 17.
Nd2 c5 18. Nf3 Qh5 19. Bd1 b6 20. Qa4 b5 21. Qa5 cxd4 22. cxd4 Be6 23. Qb4 d5 24. Ne5 Qg5 25. Nf3 Qd8 26. e5 Rc8 27. Bb3 Bf5 28. Rac1 Be4 29. Rxc8 Qxc8 30. Ng5 Qf5 31. Nxe4 dxe4 32.
Bc2 Qd7 33. Rxe4 Rc8 34. Bb3 Qf5 35. Qe1 f3 36. g4 Qg5 37. e6 Rc1 38. e7 Rxe1+ 39.
Rxe1 Bxd4 40. e8=Q+ Kg7 41. Qxf7+ Kh6 42. Qf8+ Bg7 43.
Qxf3 Qd2 44. Re2 Qc1+ 45. Kg2 1-0

[Event "*** Titled Tuesday Blitz"]
[Site "Chess.com"]
[Date "2018.10.02"]
[Round "3"]
[White "RichardABates"]
[Black "lucasmito"]
[Result "1-0"]
[WhiteElo "2369"]
[BlackElo "2394"]
[TimeControl "180+2"]
[EndTime "13:35:29 PDT"]
[Termination "RichardABates won by resignation"]

1. d4 Nf6 2. Nf3 g6 3. g3 Bg7 4. Bg2 O-O 5. O-O d5 6. c4 c6 7.
Nbd2 Ne4 8. e3 Nxd2 9. Nxd2 dxc4 10. Nxc4 Be6 11. Qe2 Bd5 12. f3 Na6 13. b3 Rc8 14. Bb2 c5 15. Rfd1 cxd4 16. Bxd4 Bxc4 17. bxc4 Qc7 18.
f4 Nc5 19. Rac1 b6 20. Qb2 e5 21. fxe5 Rfe8 22. Bd5 Bxe5 23. Rc2 Re7 24. Rf2 Rf8 25.
Qc3 Kg7 26. Rdf1 f5 27. g4 Bxd4 28. exd4 Ne4 29. Bxe4 Rxe4 30. gxf5 Rg4+ 31. Kh1 Qe7 32. f6+ Rxf6 33. Rxf6 Qe4+ 34. R6f3 Rf4 35. d5+ Kh6 36. Qd2 g5 37. Qg2 Rg4 38. Qh3+ Rh4 39. Qg3 g4 40.
Qxh4+ 1-0

[Event "*** Titled Tuesday Blitz"]
[Site "Chess.com"]
[Date "2018.10.02"]
[Round "3"]
[White "ChessicallyInclined"]
[Black "Alopekos"]
[Result "1-0"]
[WhiteElo "2422"]
[BlackElo "2435"]
[TimeControl "180+2"]
[EndTime "13:35:30 PDT"]
[Termination "ChessicallyInclined won on time"]

1. e4 e5 2. Nf3 Nc6 3. Bb5 a6 4.
Ba4 Nf6 5. O-O b5 6. Bb3 Bc5 7. a4 Rb8 8. axb5 axb5 9. c3 O-O 10.
d4 Bb6 11. Na3 b4 12. Nc4 bxc3 13. dxe5 Nxe4 14. bxc3 Nxc3 15. Qd3 Nd4 16. Nxd4 Bxd4 17. Bc2 g6 18. Kh1 Nb5 19. Rb1 d5 20. exd6 Bf5 21.
Qd2 Bxc2 22. Qxc2 Nxd6 23. Rxb8 Qxb8 24. Nxd6 cxd6 25. Qe4 Qb6 26. Bh6 Bg7 27. Be3 Qb5 28. Rd1 Rd8 29. h4 d5 30. g3 Rd7 31. Qe8+ Bf8 32. Bh6 Qb4 33. Bxf8 1-0

[Event "*** Titled Tuesday Blitz"]
[Site "Chess.com"]
[Date "2018.10.02"]
[Round "3"]
[White "Alexander_Moskalenko"]
[Black "Bryakin_Mikhail"]
[Result "1-0"]
[WhiteElo "2840"]
[BlackElo "2674"]
[TimeControl "180+2"]
[EndTime "13:35:31 PDT"]
[Termination "Alexander_Moskalenko won on time"]

1. d4 d5 2. Bf4 Nf6 3. e3 c5 4. Nf3 Nc6 5. Nbd2 cxd4 6. exd4 Bg4 7. c3 e6 8. Qb3 Qb6 9. Qxb6 axb6 10. Bb5 Bxf3 11.
Nxf3 Nd7 12. h4 h5 13. Ke2 Be7 14. g3 g6 15. Rhe1 O-O 16. Kf1 Rfc8 17. a3 Bd8 18. Re2 Bc7 19. Bg5 Bd6 20. Rae1 Rc7 21. Bd3 Nf8 22.
Kg2 Na5 23. Bc1 Nc4 24. Ng5 Be7 25. Bf4 Rc6 26. f3 b5 27. g4 hxg4 28. fxg4 Bd6 29. Bc1 Nd7 30. Rf1 Rf8 31. h5 gxh5 32. gxh5 Be7 33. Kh3 e5 34. Bf5 Nf6 35. dxe5 Nxh5 36. Kg4 Ng7 37. Bh7+ Kh8 38. Rh1 f5+ 39. exf6 Bxf6 40.
Be4+ 1-0

[Event "*** Titled Tuesday Blitz"]
[Site "Chess.com"]
[Date "2018.10.02"]
[Round "3"]
[White "Keranke"]
[Black "tigra"]
[Result "0-1"]
[WhiteElo "2774"]
[BlackElo "2715"]
[TimeControl "180+2"]
[EndTime "13:35:35 PDT"]
[Termination "tigra won by resignation"]

1. d4 Nf6 2. c4 g6 3. g3 d5 4. cxd5 Nxd5 5. Bg2 Bg7 6. e4 Nb6 7. Ne2 c5 8. d5 e6 9. O-O exd5 10. exd5 O-O 11. a4 Na6 12. Nec3 Nb4 13. Na3 Re8 14. a5 Nd7 15. d6 Ne5 16. Nab5 Bg4 17. f3 Bf5 18. Nc7 Bc2 19. Qd2 Nc4 20. Qg5 Qxd6 21. Nxa8 Rxa8 22. Ne4 Qd4+ 23. Kh1 f5 24. Nc3 Re8 25. Qf4 Nd3 26. Qxd4 cxd4 27. Nd5 Nxc1 28. Raxc1 d3 29. a6 bxa6 30. Nb4 Bxb2 31. Rxc2 dxc2 32. Nxc2 Re2 33. Nb4 Rxg2 34. Kxg2 Ne3+ 35. Kf2 Nxf1 36. Kxf1 a5 37. Na2 Kf7 38. Ke2 Ke6 39. Kd3 Kd5 40. h3 g5 41. g4 f4 42. Kc2 Bd4 43. Kb3 Kc5 44. Nc1 Kb5 45. Ne2 a4+ 46. Kc2 Kc4 47.
Nc1 a3 0-1

[Event "*** Titled Tuesday Blitz"]
[Site "Chess.com"]
[Date "2018.10.02"]
[Round "3"]
[White "nOcHeaTiNgKiD"]
[Black "Tjktiger"]
[Result "0-1"]
[WhiteElo "2436"]
[BlackElo "2703"]
[TimeControl "180+2"]
[EndTime "13:35:37 PDT"]
[Termination "Tjktiger won by resignation"]

1. Nf3 d6 2. d4 Nd7 3. e4 Ngf6 4. Bd3 e5 5. c3 d5 6. Nbd2 exd4 7. Nxd4 Nc5 8. Bc2 dxe4 9. Qe2 Be7 10. Nxe4 Ncxe4 11. Bxe4 Nxe4 12. Qxe4 O-O 13. O-O Bf6 14. Be3 Re8 15.
Qf3 c6 16. Rad1 Qc7 17. Nf5 Be6 18. a3 Rad8 19. Bd4 Bxd4 20. Nxd4 Bd5 21. Qh5 g6 22. Qh6 Re5 23. Qf4 Rde8 24. h3 Qe7 25. Rc1 Re4 26. Qd2 Qf6 27. Rfe1 Qe5 28. Rxe4 Qxe4 29. Nf3 Qf5 30. Nd4 Qe5 31. c4 Be4 32. Qe3 c5 33. Nb5 Qxb2 34. Re1 Bc6 35. Qc1 Rxe1+ 36. Qxe1 Bxb5 37.
cxb5 Qxb5 38. Qe8+ 0-1

[Event "*** Titled Tuesday Blitz"]
[Site "Chess.com"]
[Date "2018.10.02"]
[Round "3"]
[White "JonahWillow"]
[Black "vovachesss"]
[Result "1-0"]
[WhiteElo "2705"]
[BlackElo "2464"]
[TimeControl "180+2"]
[EndTime "13:35:38 PDT"]
[Termination "JonahWillow won by resignation"]

1. e4 e5 2. Nf3 d5 3. exd5 e4 4. Nd4 Qxd5 5. Nb3 Nf6 6. Nc3 Qe5 7. Be2 Bd6 8. g3 Bh3 9. Bf1 Qf5 10. Bxh3 Qxh3 11. d4 exd3 12. Qxd3 Nc6 13. Be3 O-O-O 14.
O-O-O Bxg3 15. hxg3 Qe6 16. Qb5 a6 17. Qg5 Nb4 18. a3 Nbd5 19. Nxd5 Nxd5 20. Nc5 Qc6 21. Qf5+ Kb8 22. Qf3 Rhe8 23. Nd3 Qc4 24. Kb1 Qc6 25. Qh5 Qb5 26. Bd4 g6 27. Qxh7 Re4 28. Qg7 Qc4 29. Ne5 Qb5 30. Rhe1 Rxd4 31. Rxd4 Nc3+ 32. Ka1 Rxd4 33.
Qh8+ Ka7 34. Nc6+ bxc6 35. Qxd4+ c5 36. Qxc3 1-0

[Event "*** Titled Tuesday Blitz"]
[Site "Chess.com"]
[Date "2018.10.02"]
[Round "3"]
[White "Koksik_13"]
[Black "AvitalBor"]
[Result "0-1"]
[WhiteElo "2700"]
[BlackElo "2583"]
[TimeControl "180+2"]
[EndTime "13:35:45 PDT"]
[Termination "AvitalBor won by checkmate"]

1. e4 e5 2. Nf3 Nc6 3. Nc3 Nf6 4. d4 exd4 5. Nxd4 Bb4 6. Nxc6 bxc6 7. Bd3 O-O 8. O-O d5 9. exd5 cxd5 10. h3 c6 11. Qf3 Re8 12. Bf4 Bd6 13. Rfe1 Be6 14. Ne2 c5 15. c3 Rb8 16. b3 Rb7 17. Rad1 h6 18.
Ng3 Rbe7 19. Kf1 Bxf4 20. Qxf4 Qa5 21. Qd2 Bd7 22. Rxe7 Rxe7 23. Kg1 Be6 24. Re1 Rd7 25. Bf5 Bxf5 26. Nxf5 d4 27. b4 cxb4 28. Nxd4 bxc3 29. Qe3 Qc5 30. Nc2 Qc4 31. Qg3 Rd2 32. Ne3 Qd3 33. Rc1 Ne4 34. Qb8+ Kh7 35. Ng4 Nxf2 36. Nxf2 Rxf2 37.
Rxc3 Qf1+ 38. Kh2 Qxg2# 0-1

[Event "*** Titled Tuesday Blitz"]
[Site "Chess.com"]
[Date "2018.10.02"]
[Round "3"]
[White "Fedor_Dvenyatin"]
[Black "Kouzari"]
[Result "0-1"]
[WhiteElo "2703"]
[BlackElo "2488"]
[TimeControl "180+2"]
[EndTime "13:35:49 PDT"]
[Termination "Kouzari won by resignation"]

1. d4 Nf6 2. Nf3 e6 3. c4 c5 4. d5 exd5 5. cxd5 d6 6. Nc3 g6 7. Bf4 Bg7 8. e3 O-O 9. h3 Na6 10. Be2 Nc7 11. O-O a6 12. a4 Rb8 13. a5 b5 14. axb6 Rxb6 15. Ra2 Ncxd5 16. Nxd5 Nxd5 17. Bh2 Nb4 18. Ra3 Bxb2 19. Rb3 Bg7 20. Qd2 Be6 21. Rbb1 a5 22. Rfd1 a4 23. Bxd6 Rxd6 24. Qxd6 Qxd6 25.
Rxd6 a3 26. Rxe6 a2 27. Rd1 fxe6 28. Bc4 a1=Q 29. Bxe6+ Kh8 30. Rxa1 Bxa1 31. Ng5 Kg7 32. Bc4 Ra8 33. Ne6+ Kh8 34. g4 Be5 35. Nxc5 Rc8 36. Nd7 Rxc4 37. Nxe5 Rc5 38. Nf7+ Kg8 39. Nd6 Nd3 40.
Kg2 Rc2 41. Ne4 Kg7 42. Kg3 h6 43. f3 Nc5 44. Nd6 Rc3 45. Kf2 Rd3 46. Nc4 Rc3 47.
Nd6 Nd3+ 48. Ke2 Ne5 49. f4 Nc4 50. Nxc4 Rxc4 51. h4 Rc1 52. Kf3 Kf6 53. Kg3 h5 54. Kf3 hxg4+ 55. Kxg4 Rg1+ 56. Kf3 Kf5 57. e4+ Kf6 58.
Kf2 Rh1 59. Kf3 Ra1 60. Kg3 Ra3+ 61. Kg4 Re3 62. e5+ Kg7 63. h5 gxh5+ 64. Kxh5 Rg3 65.
Kh4 Rg1 66. Kh5 Kf7 67. f5 Re1 68. e6+ Kf6 69. Kg4 Rg1+ 70. Kf4 Rf1+ 71. Ke4 Rxf5 72. e7 Re5+ 73. Kd4 Rxe7 0-1

[Event "*** Titled Tuesday Blitz"]
[Site "Chess.com"]
[Date "2018.10.02"]
[Round "3"]
[White "StoreySniper"]
[Black "51616516516"]
[Result "1-0"]
[WhiteElo "2425"]
[BlackElo "2289"]
[TimeControl "180+2"]
[EndTime "13:35:52 PDT"]
[Termination "StoreySniper won by resignation"]

1. c4 Nf6 2. g3 g6 3. Bg2 Bg7 4. Nc3 d6 5. h4 h5 6. d3 O-O 7.
Nh3 Nc6 8. Ng5 e5 9. Nd5 Ne7 10. Nxf6+ Bxf6 11. Ne4 Bg7 12. Bg5 f6 13. Bd2 Be6 14.
Bb4 Re8 15. Qa4 d5 16. Bxe7 Rxe7 17. cxd5 Bxd5 18. O-O c5 19. Rac1 b6 20. a3 Qd7 21.
Qxd7 Rxd7 22. b4 cxb4 23. axb4 Kf7 24. Rc2 Bh6 25. Ra1 f5 26. Ng5+ Bxg5 27. Bxd5+ Rxd5 28.
hxg5 a5 29. Rc7+ Kf8 30. Rc6 Rb5 31. bxa5 bxa5 32. Rxg6 a4 33. Rf6+ Ke7 34. Rxf5 a3 35. f4 Ke6 36. Rxe5+ Rxe5 37. fxe5 Kxe5 38. e3 Kf5 39.
Kf2 Kxg5 40. Kf3 Kf5 41. e4+ Ke5 42. Ke3 Ra4 43. Ra2 Kf6 44. d4 Kg5 45. d5 Kg4 46. d6 Kxg3 47. e5 h4 48. d7 Ra8 49. e6 h3 50. e7 h2 51. Rxh2 Kxh2 52. e8=Q a2 53. Qxa8 1-0

[Event "*** Titled Tuesday Blitz"]
[Site "Chess.com"]
[Date "2018.10.02"]
[Round "3"]
[White "AliKa2810"]
[Black "David_Paravyan"]
[Result "1/2-1/2"]
[WhiteElo "2483"]
[BlackElo "2808"]
[TimeControl "180+2"]
[EndTime "13:35:54 PDT"]
[Termination "Game drawn by agreement"]

1. e4 c5 2. Nf3 e6 3. d4 cxd4 4. Nxd4 Na6 5. Nc3 Nc7 6. Be2 d6 7. O-O Nf6 8. f4 Be7 9. Kh1 O-O 10. Be3 Bd7 11. a4 Rc8 12. Bd3 e5 13. fxe5 Ng4 14. Bg1 Nxe5 15. Nf5 Bxf5 16. exf5 d5 17. Bd4 Bf6 18.
Bxa7 Re8 19. Bb6 Nxd3 20. Qxd3 Bxc3 21. Qxc3 Qd6 22. Bxc7 Rxc7 23. Qd3 Re5 24. Rae1 Rce7 25. Rxe5 Qxe5 26. h3 h6 27. Rd1 Qxb2 28. Qxd5 Qxc2 29.
Qd8+ Kh7 30. Qxe7 Qxd1+ 31. Kh2 Qxa4 32. Qxf7 Qc6 33. f6 Qxf6 34. Qxb7 Qf4+ 35. Kg1 h5 36. Qb1+ Kh6 37. Qb6+ g6 38. Qe6 Qd4+ 39. Kh2 Qc5 40. Qf6 Qc8 41. Qf4+ Kg7 42. Qe5+ Kh7 43. Qe7+ 1/2-1/2

[Event "*** Titled Tuesday Blitz"]
[Site "Chess.com"]
[Date "2018.10.02"]
[Round "3"]
[White "Sanan_Sjugirov"]
[Black "HouseOfDurin"]
[Result "1-0"]
[WhiteElo "2804"]
[BlackElo "1810"]
[TimeControl "180+2"]
[EndTime "13:35:55 PDT"]
[Termination "Sanan_Sjugirov won by resignation"]

1. d4 Nf6 2. c4 c5 3. d5 b5 4. cxb5 a6 5. e3 axb5 6. Bxb5 Bb7 7. Nc3 Qb6 8. Nf3 e6 9. dxe6 fxe6 10. O-O Be7 11. a4 O-O 12. Bd2 Nc6 13. e4 Nd4 14. a5 Nxf3+ 15. Qxf3 Qc7 16. Qe2 Bc6 17. Bxc6 Qxc6 18.
a6 Rfb8 19. Ra2 Rb4 20. f3 Rb6 21. Rfa1 c4 22. Be3 Bc5 23. a7 Rb7 24. Kh1 d5 25. exd5 exd5 26. Bxc5 Qxc5 27. Qe6+ Kh8 28. Ra5 Qc7 29.
Nxd5 Nxd5 30. Qxd5 h6 31. Qd4 Qb6 32. Qxb6 Rxb6 33.
Rc5 Rxb2 34. h4 Rb7 35. Rxc4 Rbxa7 36. Rxa7 Rxa7 37. h5 Kh7 38. Rc5 g6 39. hxg6+ Kxg6 40. Kh2 Rf7 41. Kg3 Rf6 42. Kg4 Ra6 43. g3 Ra4+ 44. f4 Ra6 45. Rd5 Rf6 46. f5+ Kf7 47. Kh5 Rb6 48. g4 Kg7 49. Rd7+ Kg8 50. Re7 Kf8 51.
Re6 Rxe6 52. fxe6 Ke7 53. Kxh6 Kxe6 54. g5 Kf7 55. Kh7 Ke6 56. g6 1-0

[Event "*** Titled Tuesday Blitz"]
[Site "Chess.com"]
[Date "2018.10.02"]
[Round "3"]
[White "MikeSailer"]
[Black "kharov2001"]
[Result "1-0"]
[WhiteElo "2066"]
[BlackElo "2177"]
[TimeControl "180+2"]
[EndTime "13:35:56 PDT"]
[Termination "MikeSailer won by resignation"]

1. c4 Nf6 2. g3 e6 3. Bg2 d5 4. d4 Be7 5. cxd5 exd5 6. Nf3 O-O 7. O-O c6 8. Bf4 Bg4 9. Nc3 Nbd7 10. a3 Re8 11. b4 Nb6 12. Ne5 Bf5 13. Na4 Nfd7 14.
Nxd7 Qxd7 15. Nc5 Bxc5 16. dxc5 Nc4 17. Re1 a6 18. Qd4 Be4 19. f3 Bf5 20. e4 Bh3 21. Bxh3 Qxh3 22. exd5 cxd5 23. Qxd5 Rxe1+ 24. Rxe1 Nxa3 25. Qxb7 Rf8 26. Bd6 Qc8 27. Qxc8 Rxc8 28. Ra1 Nc2 29. Rxa6 Nxb4 30. Rb6 Nc6 31. Kf2 f6 32. Ke3 Kf7 33. Ke4 Ke6 34. g4 g6 35.
f4 f5+ 36. gxf5+ gxf5+ 37. Kd3 Kd5 38. Rb7 Rh8 39. Rf7 Nd4 40. Be5 Ne6 41. Bxh8 1-0

[Event "*** Titled Tuesday Blitz"]
[Site "Chess.com"]
[Date "2018.10.02"]
[Round "3"]
[White "MITerryble"]
[Black "Fins0905"]
[Result "1-0"]
[WhiteElo "2778"]
[BlackElo "2569"]
[TimeControl "180+2"]
[EndTime "13:35:57 PDT"]
[Termination "MITerryble won by resignation"]

1. d4 d5 2. Nf3 Nf6 3. c4 c6 4.
Nc3 dxc4 5. a4 Bf5 6. Ne5 e6 7. f3 Bb4 8. Nxc4 c5 9. dxc5 Qxd1+ 10. Kxd1 Bxc5 11. e4 Bg6 12. Nb5 Na6 13. Ncd6+ Ke7 14. Nxb7 Bb4 15. Bf4 Nd7 16. Rc1 e5 17. Bd2 Rab8 18.
Na5 Bxa5 19. Bxa5 f5 20. Nxa7 Ra8 21. Nc6+ Kf6 22. exf5 Bxf5 23. b4 Rhc8 24. Be2 Nac5 25. bxc5 Rxc6 26. Bb4 Be6 27. Bb5 Bb3+ 28. Ke2 Bxa4 29.
Bxc6 Bxc6 30. Rhd1 Nb8 31. Ra1 Rxa1 32. Rxa1 Ke6 33. Rd1 Bd5 34. Kf2 Nc6 35. Bc3 g5 36.
Ra1 Bc4 37. Rd1 Bd5 38. h3 h6 39. Bb2 Na5 40. Ra1 Nc6 41. Ra8 Kf7 42. Rc8 Kg6 43.
Rc7 Kf6 44. Rd7 Nb4 45. Rd6+ Be6 46. c6 Ke7 47. Bxe5 Na6 48. Rd2 Bf5 49. c7 1-0

[Event "*** Titled Tuesday Blitz"]
[Site "Chess.com"]
[Date "2018.10.02"]
[Round "3"]
[White "Lovkov_Roman"]
[Black "nubair1198"]
[Result "1-0"]
[WhiteElo "2638"]
[BlackElo "2512"]
[TimeControl "180+2"]
[EndTime "13:36:00 PDT"]
[Termination "Lovkov_Roman won by resignation"]

1. e4 Nf6 2. e5 Nd5 3. Nc3 e6 4.
Nf3 d6 5. d4 Nxc3 6. bxc3 Nd7 7. Bf4 Be7 8. Bd3 g5 9. exd6 cxd6 10. Bd2 b6 11. Be4 Rb8 12. Qe2 h5 13. h4 gxh4 14.
c4 Ba6 15. d5 e5 16. Bd3 Rg8 17. Qe4 Rg4 18. Qf5 Nc5 19. Qxh5 Rxg2 20. Kf1 Rg8 21. Nxh4 e4 22. Be2 Bxh4 23. Qxh4 Qxh4 24. Rxh4 Kd7 25. Bc3 Rbe8 26. Rh7 Re7 27. Bf6 Ree8 28. Rxf7+ Kc8 29. a4 Ref8 30. Rxf8+ Rxf8 31. Be7 Rf4 32. Bxd6 Rh4 33. Kg2 Nb7 34. Bg3 Rh7 35. Bg4+ Kd8 36. Bf5 Rg7 37. Bxe4 Bxc4 38. Rh1 Nd6 39. Bf3 Nf5 40.
Rh8+ Kd7 41. Be4 Nd6 42. Bf3 Nf5 43. Ra8 a5 44. Ra7+ Kd8 45. Ra8+ Kd7 46. Ra7+ Kd8 47.
Rxg7 Nxg7 48. Be5 Nf5 49. Be4 Ne7 50. d6 Nc8 51. Bc6 Be6 52. Bf6+ 1-0

[Event "*** Titled Tuesday Blitz"]
[Site "Chess.com"]
[Date "2018.10.02"]
[Round "3"]
[White "topotun"]
[Black "petrpalachev"]
[Result "0-1"]
[WhiteElo "2714"]
[BlackElo "2768"]
[TimeControl "180+2"]
[EndTime "13:36:07 PDT"]
[Termination "petrpalachev won by resignation"]

1. e4 e5 2. Nf3 Nf6 3. Nc3 Nc6 4. g3 d6 5. Bg2 g6 6. O-O Bg7 7. d4 exd4 8. Nxd4 Bd7 9. h3 O-O 10.
Be3 a6 11. Re1 Qc8 12. Kh2 Re8 13. f4 Na5 14. Bf2 c5 15. Nf3 Bc6 16. e5 dxe5 17. Nxe5 Bxg2 18. Kxg2 Rd8 19. Qf3 Nc6 20. Nxc6 bxc6 21.
Rad1 Rxd1 22. Rxd1 h5 23. f5 Qxf5 24. Qxf5 gxf5 25.
Bxc5 Ne4 26. Nxe4 fxe4 27. b3 Re8 28. Be3 Be5 29. Kf2 Kg7 30. Rd7 Re6 31. Bd4 Bxd4+ 32. Rxd4 h4 33. g4 Rf6+ 34. Kg2 e3 35. Re4 Rf2+ 36.
Kg1 Rf3 37. Kg2 Rg3+ 38. Kh2 Kf6 39. b4 Kg5 40. a4 f5 41. Re5 Rf3 42. Kg2 Rg3+ 43.
Kh2 Kf4 44. Rxf5+ Ke4 45. Rf6 e2 46. Re6+ Kf3 47. Rf6+ Ke3 48. Rxc6 Kd2 49. Rd6+ Kxc2 50. Re6 Kd2 51. b5 axb5 52. axb5 Re3 53. Rd6+ Kc2 54.
Rc6+ Kb2 0-1

[Event "*** Titled Tuesday Blitz"]
[Site "Chess.com"]
[Date "2018.10.02"]
[Round "3"]
[White "Perecke"]
[Black "Morshynska"]
[Result "0-1"]
[WhiteElo "1962"]
[BlackElo "2086"]
[TimeControl "180+2"]
[EndTime "13:36:10 PDT"]
[Termination "Morshynska won on time"]

1. e4 e5 2. Nf3 Nc6 3. Bb5 a6 4. Ba4 Nf6 5. O-O b5 6. Bb3 Bb7 7. d4 Nxd4 8. Nxd4 exd4 9. e5 Ne4 10. f3 Nc5 11. Qxd4 Nxb3 12. axb3 c5 13. Qg4 h5 14. Qg3 h4 15. Qg4 h3 16. g3 Qb6 17. Be3 Qe6 18.
Qxe6+ dxe6 19. Nc3 Be7 20. Rad1 Rd8 21. Rxd8+ Kxd8 22. Rd1+ Kc7 23. Kf2 g5 24. f4 g4 25. Ne2 Be4 26. c3 Bc2 27. Rd2 Bxb3 28. Nc1 Bc4 29. b3 Bd5 30. Ra2 Kb7 31. Ra3 Ra8 32. Ra2 a5 33.
Ra1 a4 34. bxa4 Rxa4 35. Rb1 Kc6 36. Nd3 Ra2+ 37. Rb2 Ra3 38. Rc2 Be4 39. Ke2 b4 40.
Bd2 c4 41. Nxb4+ Bxb4 42. cxb4 Bxc2 0-1

[Event "*** Titled Tuesday Blitz"]
[Site "Chess.com"]
[Date "2018.10.02"]
[Round "3"]
[White "Tarlev_Konstantin"]
[Black "matiss90"]
[Result "1-0"]
[WhiteElo "2621"]
[BlackElo "2428"]
[TimeControl "180+2"]
[EndTime "13:36:11 PDT"]
[Termination "Tarlev_Konstantin won by resignation"]

1. e4 c5 2. Nf3 d6 3. Bb5+ Bd7 4. c4 g6 5. Nc3 Bg7 6. d4 cxd4 7. Nxd4 Nc6 8. Be3 Nf6 9. f3 O-O 10.
O-O Rc8 11. Bxc6 bxc6 12. c5 d5 13. e5 Ne8 14. f4 Nc7 15. Qd2 e6 16. b4 f6 17. Nf3 a5 18. bxa5 d4 19. Bxd4 Nd5 20. Na4 f5 21. Nb6 Rc7 22. Rfb1 h6 23. a6 Be8 24. Nxd5 cxd5 25. Rb6 Bc6 26. a4 Kh7 27. a5 Rg8 28. Rab1 Bf8 29. Rb7 Rgg7 30. Rxc7 Qxc7 31. Rb6 Be7 32. a7 Ba8 33. Rxe6 Qxa7 34. Rb6 Qc7 35. Qe3 g5 36. e6 gxf4 37. Qe5 Qxe5 38. Nxe5 Rg8 39. a6 Rc8 40. Rb7 Bxb7 41. axb7 Re8 42. Nc6 Rf8 43. b8=Q Rxb8 44. Nxb8 Kg6 45. Nc6 Bf8 46.
e7 Bxe7 47. Nxe7+ Kf7 48. Nxd5 1-0

[Event "*** Titled Tuesday Blitz"]
[Site "Chess.com"]
[Date "2018.10.02"]
[Round "3"]
[White "nearestway"]
[Black "Benek77"]
[Result "0-1"]
[WhiteElo "2532"]
[BlackElo "2620"]
[TimeControl "180+2"]
[EndTime "13:36:21 PDT"]
[Termination "Benek77 won by resignation"]

1. c4 Nf6 2. Nf3 g6 3. Nc3 Bg7 4. e4 d6 5. d4 O-O 6. Be2 e5 7. d5 a5 8. Bg5 h6 9. Be3 Na6 10. Nd2 Nc5 11. O-O Nfd7 12. b3 f5 13. f3 h5 14. a3 Bf6 15. Rb1 Bg5 16. Bf2 Bh4 17. g3 Bg5 18. b4 axb4 19. axb4 Na6 20. Rb2 f4 21. Kg2 Nf6 22. c5 Qd7 23. Kh1 Qh3 24. Rg1 Bh6 25. Bf1 Qd7 26. c6 Qf7 27. Nc4 bxc6 28.
dxc6 Be6 29. Nd2 Kh7 30. Qb1 d5 31. exd5 Nxd5 32. Nce4 Bf5 33. Bd3 fxg3 34. Rxg3 Nf4 35. Bc4 Qe7 36. b5 h4 37. Rg1 Nh3 38. Rg2 Bxd2 39.
Rxd2 Nc5 40. Bxc5 Qxc5 41. Nxc5 Bxb1 42. Bd5 Ra1 43. Rg4 Bf5+ 44. Kg2 Bxg4 45. fxg4 Nf4+ 0-1

[Event "*** Titled Tuesday Blitz"]
[Site "Chess.com"]
[Date "2018.10.02"]
[Round "3"]
[White "Nathan_Filgueiras"]
[Black "ajkom197"]
[Result "0-1"]
[WhiteElo "2206"]
[BlackElo "2396"]
[TimeControl "180+2"]
[EndTime "13:36:21 PDT"]
[Termination "ajkom197 won by resignation"]

1. e4 c6 2. d4 d5 3. e5 Bf5 4. h4 h5 5. Bd3 Bxd3 6. Qxd3 e6 7.
Nf3 Qa5+ 8. Nbd2 Qa6 9. c4 Ne7 10. O-O Nd7 11. Qc3 Nf5 12. c5 Be7 13. g3 O-O 14. Re1 b6 15. b4 bxc5 16. bxc5 Rab8 17. Nf1 Bd8 18. Bd2 Qa4 19. Ne3 Nxe3 20. fxe3 Rb5 21. Qd3 Rb2 22. e4 Re8 23. exd5 exd5 24. e6 Rxe6 25.
Rxe6 fxe6 26. Qg6 Nf8 27. Qxh5 Rxd2 28. Rf1 Rxd4 29. Nxd4 Qxd4+ 30. Kg2 Bf6 31. g4 Qd2+ 32. Rf2 Qe3 33. g5 Qe4+ 34. Kf1 g6 35. Qd1 Qh1+ 36. Ke2 Qxd1+ 37. Kxd1 Bd4 38. Rc2 Nd7 39. Re2 e5 40.
Rg2 Bxc5 41. Rg3 e4 42. Kc2 d4 43. Rg4 e3 44. Re4 Kf7 45. Rf4+ Ke6 46. Kd3 Ne5+ 47. Ke4 e2 48. Rf6+ Kd7 0-1

[Event "*** Titled Tuesday Blitz"]
[Site "Chess.com"]
[Date "2018.10.02"]
[Round "3"]
[White "GCamachoMartinez"]
[Black "albi1999"]
[Result "1/2-1/2"]
[WhiteElo "2280"]
[BlackElo "2396"]
[TimeControl "180+2"]
[EndTime "13:36:22 PDT"]
[Termination "Game drawn by repetition"]

1. d4 d5 2. c4 e6 3. Nf3 Nf6 4. g3 Bb4+ 5. Bd2 Bd6 6. Qc2 c6 7.
Bg2 Nbd7 8. O-O O-O 9. b3 Ne4 10.
Nc3 f5 11. Bf4 Bxf4 12. gxf4 b6 13. e3 Bb7 14. cxd5 cxd5 15. Rac1 Rc8 16. Qb2 Qe7 17.
Rfd1 Ba6 18. Ne5 Nxe5 19. dxe5 Nxc3 20. Rxc3 Rxc3 21. Qxc3 Rc8 22. Qd2 Qc5 23. Bf1 Bxf1 24. Kxf1 Qc2 25. Qxc2 Rxc2 26. a4 Kf7 27. Rd4 Ke7 28. a5 Kd7 29. axb6 axb6 30. Ra4 Rc7 31. Ra6 Kc6 32. Ra8 Re7 33. Ke2 Kc5 34. Ra4 b5 35.
Ra6 Kb4 36. Rb6 Kc5 37. Rb8 h6 38. Kd3 Kb4 39. h4 Rc7 40. Rb6 Rc3+ 41. Kd4 Rc1 42. Kd3 Rc3+ 43. Kd2 Rxb3 44. Rxe6 d4 45. exd4 Rf3 46.
d5 Rxf4 47. d6 Kc5 48. Re7 Rxf2+ 49. Ke3 Rf1 50. Rc7+ Kd5 51. Rxg7 Kxe5 52. d7 Rd1 53. Re7+ Kf6 54. Rh7 Kg6 55. Re7 b4 56. Ke2 Rd5 57. Ke3 b3 58. Kf4 Rd4+ 59. Ke5 Rd1 60. Re6+ Kf7 61. Rd6 Rxd6 62. Kxd6 b2 63. d8=Q b1=Q 64. Qe7+ Kg6 65. Qe8+ Kf6 66. Qe7+ Kg6 67. Qe8+ Kg7 68.
Qe7+ Kg8 69. Qe8+ Kg7 70. Qe7+ Kg6 71. Qe8+ 1/2-1/2

[Event "*** Titled Tuesday Blitz"]
[Site "Chess.com"]
[Date "2018.10.02"]
[Round "3"]
[White "luizzy"]
[Black "PulpanJ"]
[Result "0-1"]
[WhiteElo "2422"]
[BlackElo "2606"]
[TimeControl "180+2"]
[EndTime "13:36:25 PDT"]
[Termination "PulpanJ won by resignation"]

1. d4 Nf6 2. c4 e6 3. Nc3 d5 4. cxd5 Nxd5 5. e4 Nxc3 6. bxc3 c5 7. Nf3 cxd4 8. cxd4 Bb4+ 9. Bd2 Bxd2+ 10. Qxd2 O-O 11.
Be2 Nd7 12. O-O b6 13. Rac1 Bb7 14. Qe3 h6 15. Nd2 Rc8 16. Rxc8 Qxc8 17. Nb3 Qc2 18. Rc1 Qxa2 19. Rc7 Bc8 20. Qc3 Qb1+ 21. Nc1 Qxe4 22. Rxc8 a5 23. Rxf8+ Nxf8 24. f3 Qf4 25. g3 Qd6 26. Qc4 Qa3 27. Nd3 Qd6 28. Ne5 f6 29.
Nd3 Nd7 30. Nf4 Kf7 31. Bd3 g5 32. Ne2 Ke7 33. Qb5 e5 34. dxe5 Nxe5 35. Be4 f5 36.
Bxf5 Nxf3+ 37. Kf2 Ne5 38. Qb3 Qc5+ 39. Qe3 Kd6 40.
Nc3 Qxe3+ 41. Kxe3 Kc5 42. Ne4+ Kb4 43. Nd2 a4 44.
Be6 a3 45. Kd4 Nc6+ 46. Kd3 b5 47. Kc2 Nd4+ 48. Kb1 Nxe6 49. Ne4 Ka4 50. Nc3+ Kb4 51. Nd5+ Kb3 52. Ne3 b4 53. Nf5 a2+ 54. Ka1 Ka3 55. Ne3 b3 56. Nc4+ Kb4 57. Ne5 Kc3 58. h4 Nd4 0-1

[Event "*** Titled Tuesday Blitz"]
[Site "Chess.com"]
[Date "2018.10.02"]
[Round "3"]
[White "Jbd735"]
[Black "Antifish7"]
[Result "1/2-1/2"]
[WhiteElo "2308"]
[BlackElo "2521"]
[TimeControl "180+2"]
[EndTime "13:36:33 PDT"]
[Termination "Game drawn - insufficient material"]

1. d4 c5 2. c3 Nf6 3. Nf3 e6 4. e3 b6 5. Bd3 Bb7 6. Nbd2 Be7 7.
O-O O-O 8. Qe2 d5 9. e4 dxe4 10. Nxe4 Nxe4 11. Bxe4 Bxe4 12. Qxe4 Nd7 13. Bf4 Nf6 14.
Qe2 Qd5 15. Rfd1 Qf5 16. Bg5 Rad8 17. h3 cxd4 18. cxd4 Rd5 19. Bh4 Bd6 20. Bxf6 Qxf6 21. Rac1 Rd8 22. Qe4 h6 23. Rc6 Qf4 24. Qxf4 Bxf4 25.
g3 Bg5 26. Nxg5 hxg5 27. Rc7 a5 28. Rb7 b5 29. Rc1 b4 30. Rc5 g6 31. Rcc7 Rf5 32. Rd7 Rc8 33. Rbc7 Rxc7 34. Rxc7 Rd5 35. Ra7 Kg7 36.
Kg2 Kf6 37. Kf3 Rxd4 38. Rxa5 Rd2 39. b3 Rc2 40. Ra4 Kf5 41. Rxb4 Rxa2 42. Rb7 f6 43. Rb5+ e5 44. Rb6 g4+ 45. hxg4+ Kg5 46. Ke3 Rb2 47. f4+ Kxg4 48. Rxf6 Rxb3+ 49. Ke4 exf4 50. Rxg6+ Kh5 51. Rg8 fxg3 52. Kf4 Kh6 53. Rxg3 Rxg3 54.
Kxg3 1/2-1/2